[ PARTIDA AOE2 · #480816993 ]
Team RMVikingos vs Ethiopians
[ ANÁLISIS DE REPETICIÓN · EXTRAÍDO DE LA PARTIDA GRABADA ]
Feudal
11:22
Castillos
18:13
Imperial
32:34
| APM promedio | 17.1 |
| APM pico | 37 |
| eAPM promedio | 11.1 |
| Aldeanos / militares | 152 / 239 |
Foco
⚔️ 35.0% · 🌾 65.0%
Militia ×236 · Trebuchet (Packed) ×2 · Monk ×1
Feudal
12:28
Castillos
16:23
Imperial
30:57
| APM promedio | 22.9 |
| APM pico | 71 |
| eAPM promedio | 14.7 |
| Aldeanos / militares | 160 / 294 |
Foco
⚔️ 27.6% · 🌾 72.4%
Knight ×209 · Scout Cavalry ×66 · Trade Cart ×24 · Bombard Cannon ×16 · Trebuchet (Packed) ×2 · Monk ×1
Feudal
10:48
Castillos
14:51
Imperial
29:52
| APM promedio | 21.1 |
| APM pico | 69 |
| eAPM promedio | 12.8 |
| Aldeanos / militares | 135 / 99 |
Foco
⚔️ 23.5% · 🌾 76.5%
Shotel Warrior ×72 · Archer ×23 · Trebuchet (Packed) ×3 · Monk ×1
Feudal
11:36
Castillos
15:32
Imperial
34:21
| APM promedio | 37.6 |
| APM pico | 86 |
| eAPM promedio | 17.1 |
| Aldeanos / militares | 126 / 105 |
Foco
⚔️ 30.0% · 🌾 70.0%
Unknown (1911) ×125 · Scout Cavalry ×88 · Spearman ×11 · Trebuchet (Packed) ×4 · Skirmisher ×2 · Trade Cart ×2
Feudal
11:30
Castillos
15:26
Imperial
29:55
| APM promedio | 29.5 |
| APM pico | 110 |
| eAPM promedio | 14.1 |
| Aldeanos / militares | 92 / 154 |
Foco
⚔️ 34.5% · 🌾 65.5%
Cavalry Archer ×81 · Scout Cavalry ×70 · Monk ×2 · Trebuchet (Packed) ×1
Feudal
13:52
Castillos
21:57
Imperial
38:12
| APM promedio | 15.3 |
| APM pico | 35 |
| eAPM promedio | 13.3 |
| Aldeanos / militares | 147 / 209 |
Foco
⚔️ 29.5% · 🌾 70.5%
Knight ×181 · Petard ×14 · Hand Cannoneer ×9 · Trebuchet (Packed) ×3 · Battering Ram ×2
Feudal
9:57
Castillos
17:19
Imperial
33:14
| APM promedio | 31.8 |
| APM pico | 68 |
| eAPM promedio | 17.2 |
| Aldeanos / militares | 113 / 148 |
Foco
⚔️ 41.2% · 🌾 58.8%
Knight ×108 · Bombard Cannon ×16 · Skirmisher ×10 · Conquistador ×7 · Missionary ×3 · Archer ×2
Feudal
10:19
Castillos
18:45
Imperial
30:20
| APM promedio | 32.6 |
| APM pico | 68 |
| eAPM promedio | 24.0 |
| Aldeanos / militares | 136 / 420 |
Foco
⚔️ 65.7% · 🌾 34.3%
Kamayuk ×219 · Unknown (2550) ×211 · Skirmisher ×100 · Spearman ×96 · Trade Cart ×5 · Trebuchet (Packed) ×3
Mapa de la partida
Recursos iniciales + cada clic de construcción. Líneas = muros · curvas = relieve. ◆ oro · ⬟ piedra · ● bayas · ✦ reliquia · ◌ hueco del cierre
Tu base· ✓ Cerrada en 18:13 · 0t muro · 3 puerta(s)
Base de Tang Dynasty· ✓ Cerrada en 16:23 · 0t muro · 2 puerta(s)
Base de Si me ganas eres gay· ✓ Cerrada en 14:51 · 0t muro · 2 puerta(s)
Base de BeaNeanging· ✓ Cerrada en 15:32 · 0t muro · 3 puerta(s)
Base de aggromechanic· ✓ Cerrada en 15:26 · 0t muro · 3 puerta(s)
Base de jhon29· ✓ Cerrada en 21:57 · 0t muro · 3 puerta(s)
Base de X Saint· ✓ Cerrada en 17:19 · 0t muro · 2 puerta(s)
Base de Võ Nguyên Giáp· ✓ Cerrada en 18:45 · 0t muro · 2 puerta(s)
Terreno inicial suavizado · ◌ = hueco del cierre detectado · pasá el cursor para detalles
Inputs por minuto
— Cheo - - Tang Dynasty
Build order — Cheo
Primeras 150 de 395 acciones detectadas
| 0:01 | Crear | Villager (Male) |
| 0:07 | Construir | House |
| 0:16 | Crear | Villager (Male) |
| 0:16 | Crear | Villager (Male) |
| 0:16 | Crear | Villager (Male) |
| 1:26 | Crear | Villager (Male) |
| 1:44 | Construir | House |
| 1:47 | Construir | House |
| 1:48 | Construir | House |
| 1:56 | Construir | House |
| 1:57 | Construir | House |
| 1:58 | Construir | House |
| 2:03 | Crear | Villager (Male) |
| 2:04 | Crear | Villager (Male) |
| 2:14 | Crear | Villager (Male) |
| 2:52 | Crear | Villager (Male) |
| 2:53 | Crear | Villager (Male) |
| 3:06 | Crear | Villager (Male) |
| 3:33 | Crear | Villager (Male) |
| 3:55 | Crear | Villager (Male) |
| 4:25 | Construir | Lumber Camp |
| 4:28 | Crear | Villager (Male) |
| 4:28 | Crear | Villager (Male) |
| 4:52 | Crear | Villager (Male) |
| 4:52 | Crear | Villager (Male) |
| 5:09 | Crear | Villager (Male) |
| 5:09 | Crear | Villager (Male) |
| 5:26 | Crear | Villager (Male) |
| 6:03 | Crear | Villager (Male) |
| 6:20 | Construir | Mill |
| 6:24 | Crear | Villager (Male) |
| 6:42 | Crear | Villager (Male) |
| 6:43 | Crear | Villager (Male) |
| 7:22 | Crear | Villager (Male) |
| 7:25 | Crear | Villager (Male) |
| 7:39 | Crear | Villager (Male) |
| 7:39 | Crear | Villager (Male) |
| 8:58 | Construir | Mining Camp |
| 9:12 | Investigar | Feudal Age |
| 9:51 | Construir | Mill |
| 10:17 | Construir | Lumber Camp |
| 10:31 | Crear | Villager (Male) |
| 10:31 | Crear | Villager (Male) |
| 11:22 | Edad | Edad Feudal |
| 11:26 | Investigar | Double-Bit Axe |
| 11:29 | Investigar | Horse Collar |
| 11:36 | Construir | Market |
| 11:40 | Crear | Villager (Male) |
| 11:57 | Construir | Farm |
| 11:59 | Crear | Villager (Male) |
| 12:14 | Construir | Blacksmith |
| 12:18 | Construir | Farm |
| 12:23 | Crear | Villager (Male) |
| 12:38 | Construir | Farm |
| 12:41 | Construir | Farm |
| 12:52 | Construir | House |
| 13:11 | Construir | Farm |
| 13:16 | Construir | Farm |
| 13:19 | Construir | Farm |
| 13:20 | Crear | Villager (Male) |
| 13:25 | Construir | Farm |
| 13:26 | Construir | Farm |
| 13:29 | Construir | Farm |
| 13:32 | Construir | Farm |
| 13:34 | Crear | Villager (Male) |
| 13:56 | Construir | Farm |
| 14:10 | Crear | Villager (Male) |
| 14:41 | Crear | Villager (Male) |
| 15:06 | Crear | Villager (Male) |
| 15:12 | Construir | Farm |
| 15:23 | Construir | Mining Camp |
| 15:31 | Investigar | Castle Age |
| 15:52 | Investigar | Stone Mining |
| 15:52 | Investigar | Stone Mining |
| 16:05 | Investigar | Gold Mining |
| 16:28 | Crear | Villager (Male) |
| 16:29 | Crear | Villager (Male) |
| 16:29 | Crear | Villager (Male) |
| 17:42 | Construir | Farm |
| 17:45 | Construir | Farm |
| 17:47 | Construir | Farm |
| 18:13 | Edad | Edad de los Castillos |
| 18:14 | Construir | Town Center |
| 18:16 | Investigar | Heavy Plow |
| 18:18 | Investigar | Bow Saw |
| 18:30 | Construir | Town Center |
| 18:44 | Construir | Town Center |
| 18:54 | Crear | Villager (Male) |
| 19:25 | Construir | Town Center |
| 19:30 | Crear | Villager (Male) |
| 19:30 | Crear | Villager (Male) |
| 19:30 | Crear | Villager (Male) |
| 19:31 | Crear | Villager (Male) |
| 19:31 | Crear | Villager (Male) |
| 19:45 | Crear | Villager (Male) |
| 19:59 | Crear | Villager (Male) |
| 20:00 | Crear | Villager (Male) |
| 20:04 | Construir | Farm |
| 20:06 | Construir | Farm |
| 20:10 | Construir | Farm |
| 20:13 | Construir | Farm |
| 20:13 | Crear | Villager (Male) |
| 20:14 | Crear | Villager (Male) |
| 20:14 | Crear | Villager (Male) |
| 20:14 | Crear | Villager (Male) |
| 20:16 | Crear | Villager (Male) |
| 20:16 | Crear | Villager (Male) |
| 20:26 | Crear | Villager (Male) |
| 20:26 | Crear | Villager (Male) |
| 20:26 | Crear | Villager (Male) |
| 20:59 | Crear | Villager (Male) |
| 20:59 | Crear | Villager (Male) |
| 20:59 | Crear | Villager (Male) |
| 21:02 | Construir | Farm |
| 21:02 | Crear | Villager (Male) |
| 21:05 | Crear | Villager (Male) |
| 21:12 | Construir | Farm |
| 21:16 | Construir | Farm |
| 21:17 | Crear | Villager (Male) |
| 21:17 | Crear | Villager (Male) |
| 21:17 | Crear | Villager (Male) |
| 21:20 | Construir | Farm |
| 21:28 | Crear | Villager (Male) |
| 21:32 | Construir | Farm |
| 21:33 | Construir | Farm |
| 21:37 | Construir | Farm |
| 21:54 | Construir | House |
| 21:55 | Crear | Villager (Male) |
| 21:55 | Crear | Villager (Male) |
| 21:55 | Crear | Villager (Male) |
| 21:55 | Crear | Villager (Male) |
| 21:56 | Crear | Villager (Male) |
| 21:56 | Crear | Villager (Male) |
| 22:03 | Investigar | Loom |
| 22:03 | Investigar | Town Watch |
| 22:05 | Construir | House |
| 22:06 | Construir | House |
| 22:07 | Construir | House |
| 22:08 | Construir | House |
| 22:09 | Construir | House |
| 22:09 | Construir | House |
| 22:11 | Construir | House |
| 22:12 | Construir | House |
| 22:15 | Crear | Villager (Male) |
| 22:20 | Construir | Farm |
| 22:22 | Construir | Farm |
| 22:26 | Construir | Farm |
| 22:29 | Crear | Villager (Male) |
| 22:29 | Crear | Villager (Male) |
| 22:29 | Crear | Villager (Male) |
Build order — Tang Dynasty
Primeras 150 de 335 acciones detectadas
| 0:04 | Crear | Villager (Male) |
| 0:04 | Crear | Villager (Male) |
| 0:04 | Crear | Villager (Male) |
| 0:04 | Crear | Villager (Male) |
| 0:05 | Crear | Villager (Male) |
| 0:08 | Construir | House |
| 0:12 | Construir | House |
| 1:38 | Crear | Villager (Male) |
| 1:53 | Construir | Lumber Camp |
| 2:03 | Crear | Villager (Male) |
| 2:03 | Crear | Villager (Male) |
| 2:19 | Crear | Villager (Male) |
| 2:19 | Crear | Villager (Male) |
| 2:51 | Crear | Villager (Male) |
| 2:51 | Crear | Villager (Male) |
| 3:28 | Crear | Villager (Male) |
| 3:49 | Crear | Villager (Male) |
| 4:01 | Construir | Mill |
| 4:08 | Crear | Villager (Male) |
| 4:33 | Crear | Villager (Male) |
| 4:33 | Crear | Villager (Male) |
| 4:55 | Crear | Villager (Male) |
| 4:56 | Crear | Villager (Male) |
| 5:13 | Crear | Villager (Male) |
| 5:13 | Crear | Villager (Male) |
| 5:30 | Crear | Villager (Male) |
| 5:52 | Crear | Villager (Male) |
| 6:19 | Construir | Mill |
| 6:37 | Crear | Villager (Male) ×4 |
| 7:08 | Crear | Villager (Male) |
| 7:29 | Construir | House |
| 7:34 | Construir | House |
| 7:45 | Construir | Lumber Camp |
| 7:58 | Crear | Villager (Male) |
| 8:00 | Crear | Villager (Male) |
| 8:13 | Construir | Farm |
| 9:11 | Crear | Villager (Male) |
| 9:20 | Investigar | Feudal Age |
| 9:36 | Construir | Mining Camp |
| 9:48 | Construir | Mining Camp |
| 10:30 | Crear | Villager (Male) |
| 10:31 | Crear | Villager (Male) |
| 10:33 | Investigar | Loom |
| 11:00 | Construir | Farm |
| 11:04 | Construir | Farm |
| 11:07 | Construir | Farm |
| 12:28 | Edad | Edad Feudal |
| 12:34 | Construir | Market |
| 12:41 | Construir | Blacksmith |
| 13:13 | Construir | Farm |
| 13:27 | Construir | Barracks |
| 13:33 | Construir | Farm |
| 13:39 | Investigar | Castle Age |
| 13:57 | Investigar | Double-Bit Axe |
| 14:13 | Investigar | Horse Collar |
| 14:56 | Construir | Farm |
| 15:02 | Construir | Farm |
| 15:09 | Construir | Stable |
| 15:14 | Construir | House |
| 15:21 | Construir | Farm |
| 15:30 | Crear | Villager (Male) |
| 15:30 | Crear | Villager (Male) |
| 15:34 | Investigar | Gold Mining |
| 15:37 | Investigar | Stone Mining |
| 16:13 | Investigar | Bloodlines |
| 16:15 | Crear | Scout Cavalry |
| 16:23 | Edad | Edad de los Castillos |
| 16:30 | Construir | Town Center |
| 16:39 | Crear | Villager (Male) |
| 16:40 | Crear | Villager (Male) |
| 17:00 | Crear | Villager (Male) |
| 17:06 | Construir | Town Center |
| 17:13 | Crear | Villager (Male) ×2 |
| 17:59 | Investigar | Wheelbarrow |
| 18:00 | Crear | Villager (Male) |
| 18:19 | Construir | Monastery |
| 18:28 | Crear | Villager (Male) |
| 18:44 | Construir | Farm |
| 18:57 | Construir | Mill |
| 19:03 | Construir | Farm |
| 19:05 | Construir | Farm |
| 19:14 | Crear | Villager (Male) ×3 |
| 19:23 | Crear | Monk |
| 19:24 | Investigar | Fervor |
| 19:52 | Investigar | Husbandry |
| 19:53 | Investigar | Light Cavalry (upgrade) |
| 20:11 | Construir | Farm |
| 20:15 | Construir | Farm |
| 20:16 | Construir | Farm |
| 20:22 | Construir | Farm |
| 20:26 | Construir | Farm |
| 20:29 | Investigar | Town Watch |
| 20:31 | Crear | Villager (Male) ×2 |
| 20:31 | Crear | Villager (Male) ×2 |
| 20:43 | Construir | Mill |
| 20:48 | Construir | Farm |
| 20:49 | Construir | Farm |
| 20:50 | Construir | Farm |
| 20:51 | Construir | Farm |
| 20:52 | Construir | Farm |
| 21:00 | Crear | Villager (Male) ×3 |
| 21:00 | Crear | Villager (Male) ×3 |
| 21:01 | Crear | Villager (Male) |
| 21:01 | Crear | Villager (Male) |
| 21:10 | Investigar | Fletching |
| 21:51 | Construir | Farm |
| 21:55 | Construir | Farm |
| 21:59 | Investigar | Hand Cart |
| 21:59 | Crear | Villager (Male) ×2 |
| 22:00 | Crear | Villager (Male) ×2 |
| 22:18 | Construir | Mill |
| 22:23 | Construir | Farm |
| 22:25 | Construir | Farm |
| 22:27 | Construir | Farm |
| 22:30 | Construir | Farm |
| 22:34 | Crear | Villager (Male) ×5 |
| 22:34 | Crear | Villager (Male) ×5 |
| 22:34 | Crear | Villager (Male) |
| 23:16 | Crear | Villager (Male) ×5 |
| 23:16 | Crear | Villager (Male) ×5 |
| 23:25 | Construir | Town Center |
| 23:37 | Crear | Villager (Male) ×5 |
| 23:38 | Crear | Villager (Male) |
| 23:38 | Crear | Villager (Male) |
| 23:46 | Construir | Castle |
| 23:58 | Crear | Villager (Male) ×4 |
| 23:58 | Crear | Villager (Male) ×4 |
| 24:07 | Construir | Mill |
| 24:13 | Construir | Farm |
| 24:14 | Construir | Farm |
| 24:15 | Construir | Farm |
| 24:23 | Investigar | Town Patrol |
| 24:25 | Crear | Villager (Male) |
| 24:25 | Crear | Villager (Male) |
| 24:52 | Crear | Villager (Male) ×5 |
| 24:52 | Crear | Villager (Male) |
| 24:52 | Crear | Villager (Male) |
| 25:05 | Crear | Villager (Male) ×2 |
| 25:05 | Crear | Villager (Male) ×2 |
| 25:19 | Construir | Farm |
| 25:23 | Construir | Farm |
| 25:25 | Construir | Farm |
| 25:26 | Construir | Farm |
| 25:28 | Construir | Farm |
| 25:30 | Construir | Farm |
| 25:33 | Crear | Villager (Male) ×5 |
| 25:48 | Construir | Mill |
| 26:00 | Investigar | Szlachta Privileges |
| 26:11 | Investigar | Bow Saw |
| 26:16 | Investigar | Heavy Plow |
Build order — Si me ganas eres gay
Primeras 150 de 383 acciones detectadas
| 0:03 | Crear | Villager (Male) |
| 0:03 | Crear | Villager (Male) |
| 0:03 | Crear | Villager (Male) |
| 0:03 | Crear | Villager (Male) |
| 0:03 | Crear | Villager (Male) |
| 0:05 | Construir | House |
| 0:07 | Construir | House |
| 1:34 | Crear | Villager (Male) |
| 1:34 | Crear | Villager (Male) |
| 2:04 | Construir | Lumber Camp |
| 2:05 | Crear | Villager (Male) |
| 2:15 | Construir | House |
| 2:17 | Construir | House |
| 2:21 | Crear | Villager (Male) |
| 2:21 | Crear | Villager (Male) |
| 2:59 | Crear | Villager (Male) |
| 2:59 | Crear | Villager (Male) |
| 3:00 | Crear | Villager (Male) |
| 3:18 | Crear | Villager (Male) |
| 3:18 | Crear | Villager (Male) |
| 3:45 | Crear | Villager (Male) |
| 3:46 | Crear | Villager (Male) |
| 3:46 | Crear | Villager (Male) |
| 4:07 | Crear | Villager (Male) |
| 4:44 | Crear | Villager (Male) |
| 4:59 | Crear | Villager (Male) |
| 5:00 | Crear | Villager (Male) |
| 5:00 | Crear | Villager (Male) |
| 5:00 | Crear | Villager (Male) |
| 5:31 | Crear | Villager (Male) |
| 6:05 | Construir | Mill |
| 6:23 | Crear | Villager (Male) |
| 6:58 | Crear | Villager (Male) |
| 6:58 | Crear | Villager (Male) |
| 7:11 | Construir | Mill |
| 7:32 | Crear | Villager (Male) |
| 7:57 | Crear | Villager (Male) |
| 8:27 | Construir | House |
| 8:38 | Investigar | Feudal Age |
| 9:43 | Crear | Villager (Male) |
| 9:44 | Crear | Villager (Male) |
| 10:48 | Edad | Edad Feudal |
| 10:54 | Construir | Market |
| 11:05 | Construir | Blacksmith |
| 11:22 | Construir | Farm |
| 11:24 | Construir | Farm |
| 11:46 | Crear | Villager (Male) |
| 11:54 | Construir | Mining Camp |
| 12:03 | Investigar | Castle Age |
| 12:24 | Investigar | Double-Bit Axe |
| 12:24 | Investigar | Double-Bit Axe |
| 12:31 | Construir | House |
| 12:37 | Construir | Outpost |
| 13:29 | Investigar | Town Watch |
| 14:38 | Construir | Farm |
| 14:39 | Construir | Farm |
| 14:40 | Construir | Farm |
| 14:42 | Construir | Farm |
| 14:43 | Construir | Farm |
| 14:44 | Construir | Farm |
| 14:47 | Crear | Villager (Male) |
| 14:48 | Crear | Villager (Male) |
| 14:51 | Edad | Edad de los Castillos |
| 14:59 | Construir | Town Center |
| 15:10 | Construir | House |
| 15:13 | Construir | House |
| 15:14 | Construir | House |
| 15:29 | Investigar | Town Patrol |
| 15:31 | Crear | Villager (Male) |
| 15:33 | Investigar | Bow Saw |
| 15:57 | Construir | Monastery |
| 16:15 | Crear | Villager (Male) |
| 16:34 | Crear | Villager (Male) |
| 16:34 | Crear | Villager (Male) |
| 16:34 | Crear | Villager (Male) |
| 16:35 | Crear | Villager (Male) |
| 17:04 | Construir | Mining Camp |
| 17:09 | Crear | Villager (Male) |
| 17:10 | Crear | Villager (Male) |
| 17:27 | Construir | Farm |
| 17:28 | Construir | Farm |
| 17:30 | Construir | Farm |
| 17:31 | Construir | Farm |
| 17:39 | Crear | Villager (Male) |
| 17:42 | Crear | Villager (Male) |
| 17:56 | Construir | Farm |
| 17:57 | Construir | Farm |
| 18:02 | Crear | Villager (Male) |
| 18:02 | Crear | Villager (Male) |
| 18:28 | Crear | Villager (Male) |
| 18:28 | Crear | Villager (Male) |
| 18:37 | Construir | Farm |
| 18:38 | Construir | Farm |
| 18:42 | Construir | Farm |
| 18:46 | Construir | Farm |
| 18:48 | Construir | Farm |
| 18:50 | Crear | Villager (Male) |
| 18:52 | Crear | Villager (Male) |
| 18:52 | Crear | Villager (Male) |
| 18:52 | Crear | Villager (Male) |
| 18:52 | Crear | Villager (Male) |
| 18:52 | Crear | Villager (Male) |
| 19:17 | Crear | Villager (Male) |
| 19:18 | Crear | Villager (Male) |
| 19:18 | Crear | Villager (Male) |
| 19:18 | Crear | Villager (Male) |
| 19:18 | Crear | Villager (Male) |
| 19:32 | Construir | Castle |
| 19:40 | Crear | Villager (Male) |
| 19:40 | Crear | Villager (Male) |
| 19:58 | Crear | Villager (Male) |
| 19:58 | Crear | Villager (Male) |
| 19:58 | Crear | Villager (Male) |
| 19:59 | Crear | Villager (Male) |
| 19:59 | Crear | Villager (Male) |
| 20:06 | Construir | Farm |
| 20:07 | Construir | Farm |
| 20:10 | Construir | Farm |
| 20:12 | Construir | Farm |
| 20:15 | Construir | Farm |
| 20:16 | Construir | Farm |
| 20:19 | Crear | Villager (Male) |
| 20:19 | Crear | Villager (Male) |
| 20:19 | Crear | Villager (Male) |
| 20:23 | Construir | House |
| 20:26 | Construir | House |
| 20:27 | Construir | House |
| 20:42 | Crear | Monk |
| 21:17 | Crear | Villager (Male) |
| 21:17 | Crear | Villager (Male) |
| 21:17 | Crear | Villager (Male) |
| 21:17 | Crear | Villager (Male) |
| 21:39 | Crear | Villager (Male) |
| 21:39 | Crear | Villager (Male) |
| 21:42 | Crear | Villager (Male) |
| 21:42 | Crear | Villager (Male) |
| 21:43 | Crear | Villager (Male) |
| 21:57 | Crear | Shotel Warrior |
| 21:57 | Crear | Shotel Warrior |
| 21:57 | Crear | Shotel Warrior |
| 21:58 | Crear | Shotel Warrior |
| 22:04 | Crear | Villager (Male) |
| 22:04 | Crear | Villager (Male) |
| 22:05 | Crear | Villager (Male) |
| 22:05 | Crear | Villager (Male) |
| 22:15 | Construir | Farm |
| 22:16 | Construir | Farm |
| 22:18 | Construir | Farm |
| 22:19 | Construir | Farm |
| 22:21 | Construir | Farm |
Build order — BeaNeanging
Primeras 150 de 369 acciones detectadas
| 0:02 | Crear | Villager (Male) |
| 0:02 | Crear | Villager (Male) |
| 0:03 | Crear | Villager (Male) |
| 0:03 | Crear | Villager (Male) |
| 0:06 | Construir | House |
| 0:08 | Construir | House |
| 1:47 | Crear | Villager (Male) |
| 1:58 | Crear | Villager (Male) |
| 2:03 | Construir | Lumber Camp |
| 2:34 | Crear | Villager (Male) |
| 2:53 | Crear | Villager (Male) |
| 3:29 | Construir | House |
| 3:31 | Construir | House |
| 3:37 | Crear | Villager (Male) |
| 4:16 | Crear | Villager (Male) |
| 4:16 | Crear | Villager (Male) |
| 4:49 | Crear | Villager (Male) |
| 4:49 | Crear | Villager (Male) |
| 5:14 | Crear | Villager (Male) |
| 5:15 | Crear | Villager (Male) |
| 5:16 | Crear | Villager (Male) |
| 5:36 | Construir | Mill |
| 6:05 | Crear | Villager (Male) |
| 6:06 | Crear | Villager (Male) |
| 6:06 | Crear | Villager (Male) |
| 6:18 | Crear | Villager (Male) |
| 6:56 | Crear | Villager (Male) |
| 6:56 | Crear | Villager (Male) |
| 6:56 | Crear | Villager (Male) |
| 7:33 | Crear | Villager (Male) |
| 7:47 | Crear | Villager (Male) |
| 7:52 | Construir | Mill |
| 7:59 | Crear | Villager (Male) |
| 8:39 | Construir | Mining Camp |
| 9:09 | Investigar | Feudal Age |
| 10:33 | Construir | Farm |
| 10:33 | Construir | Farm |
| 10:33 | Construir | Farm |
| 11:36 | Edad | Edad Feudal |
| 11:41 | Construir | Blacksmith |
| 11:45 | Construir | Market |
| 11:55 | Investigar | Loom |
| 12:35 | Investigar | Double-Bit Axe |
| 12:40 | Construir | Farm |
| 12:40 | Construir | Farm |
| 12:41 | Construir | Farm |
| 12:52 | Investigar | Castle Age |
| 13:06 | Investigar | Horse Collar |
| 13:17 | Construir | House |
| 13:19 | Construir | House |
| 13:20 | Construir | House |
| 14:59 | Construir | Barracks |
| 15:07 | Construir | House |
| 15:08 | Construir | House |
| 15:13 | Construir | House |
| 15:32 | Edad | Edad de los Castillos |
| 15:35 | Crear | Villager (Male) |
| 15:35 | Crear | Villager (Male) |
| 16:07 | Construir | Town Center |
| 16:31 | Crear | Villager (Male) |
| 16:32 | Crear | Villager (Male) |
| 16:36 | Investigar | Bow Saw |
| 17:01 | Crear | Villager (Male) |
| 17:01 | Crear | Villager (Male) |
| 17:53 | Construir | Archery Range |
| 17:56 | Crear | Villager (Male) |
| 17:57 | Crear | Villager (Male) |
| 17:57 | Crear | Villager (Male) |
| 17:58 | Crear | Villager (Male) |
| 17:58 | Crear | Villager (Male) |
| 18:42 | Construir | Town Center |
| 19:10 | Crear | Villager (Male) |
| 19:10 | Crear | Villager (Male) |
| 19:10 | Crear | Villager (Male) |
| 19:11 | Crear | Villager (Male) |
| 19:25 | Crear | Unit 1911 ×5 |
| 19:46 | Construir | Farm |
| 19:46 | Construir | Farm |
| 19:56 | Construir | Farm |
| 20:00 | Construir | Farm |
| 20:03 | Construir | Farm |
| 20:04 | Crear | Villager (Male) |
| 20:13 | Crear | Villager (Male) |
| 20:36 | Crear | Villager (Male) |
| 20:41 | Construir | Archery Range |
| 20:45 | Crear | Skirmisher |
| 20:45 | Crear | Skirmisher |
| 20:48 | Construir | Archery Range |
| 20:56 | Crear | Villager (Male) |
| 21:03 | Construir | House |
| 21:04 | Construir | House |
| 21:05 | Construir | House |
| 21:09 | Crear | Villager (Male) |
| 21:20 | Construir | Farm |
| 21:21 | Construir | Farm |
| 21:23 | Crear | Villager (Male) |
| 21:42 | Construir | Farm |
| 21:42 | Construir | Farm |
| 21:42 | Construir | Farm |
| 21:49 | Crear | Villager (Male) |
| 21:56 | Crear | Villager (Male) |
| 22:05 | Crear | Unit 1911 |
| 22:13 | Construir | Farm |
| 22:54 | Construir | Farm |
| 22:56 | Construir | Farm |
| 23:02 | Construir | Farm |
| 23:04 | Construir | Archery Range |
| 23:08 | Crear | Villager (Male) |
| 23:16 | Construir | Castle |
| 23:30 | Investigar | Fletching |
| 23:30 | Investigar | Padded Archer Armor |
| 23:34 | Crear | Unit 1911 ×3 |
| 24:14 | Construir | Barracks |
| 24:19 | Construir | Barracks |
| 24:25 | Investigar | Pikeman (upgrade) |
| 24:27 | Construir | Farm |
| 24:28 | Crear | Villager (Male) |
| 24:31 | Construir | Farm |
| 24:38 | Crear | Villager (Male) |
| 24:38 | Crear | Villager (Male) |
| 24:42 | Construir | Farm |
| 24:42 | Construir | Farm |
| 24:42 | Construir | Farm |
| 24:42 | Construir | Farm |
| 24:43 | Construir | Farm |
| 24:53 | Crear | Unit 1911 ×2 |
| 24:59 | Construir | Farm |
| 25:10 | Construir | University |
| 25:12 | Construir | House |
| 25:13 | Construir | House |
| 25:14 | Construir | House |
| 25:15 | Construir | House |
| 25:17 | Construir | House |
| 25:28 | Construir | Farm |
| 25:33 | Construir | Mining Camp |
| 25:40 | Crear | Villager (Male) |
| 25:43 | Investigar | Wheelbarrow |
| 25:43 | Investigar | Wheelbarrow |
| 25:43 | Crear | Villager (Male) |
| 26:22 | Construir | Farm |
| 26:23 | Crear | Villager (Male) |
| 26:26 | Crear | Villager (Male) |
| 26:26 | Crear | Villager (Male) |
| 26:29 | Crear | Villager (Male) |
| 26:30 | Crear | Villager (Male) |
| 26:30 | Crear | Villager (Male) |
| 26:30 | Crear | Villager (Male) |
| 26:47 | Construir | Farm |
| 26:47 | Construir | Farm |
| 26:48 | Construir | Farm |
Build order — aggromechanic
Primeras 150 de 270 acciones detectadas
| 0:12 | Crear | Villager (Male) |
| 0:12 | Crear | Villager (Male) |
| 0:13 | Crear | Villager (Male) |
| 0:13 | Crear | Villager (Male) |
| 0:13 | Crear | Villager (Male) |
| 1:39 | Crear | Villager (Male) |
| 1:39 | Crear | Villager (Male) |
| 2:10 | Construir | Lumber Camp |
| 2:50 | Crear | Villager (Male) |
| 2:50 | Crear | Villager (Male) |
| 2:50 | Crear | Villager (Male) |
| 4:05 | Crear | Villager (Male) |
| 4:06 | Crear | Villager (Male) |
| 4:06 | Crear | Villager (Male) |
| 4:06 | Crear | Villager (Male) |
| 4:39 | Crear | Villager (Male) |
| 5:30 | Crear | Villager (Male) |
| 6:12 | Crear | Villager (Male) |
| 6:16 | Construir | Mill |
| 6:23 | Crear | Villager (Male) |
| 6:42 | Construir | Mill |
| 7:00 | Crear | Villager (Male) |
| 7:34 | Crear | Villager (Male) |
| 7:35 | Crear | Villager (Male) |
| 8:30 | Crear | Villager (Male) |
| 8:40 | Crear | Villager (Male) |
| 8:57 | Investigar | Feudal Age |
| 9:02 | Construir | Mining Camp |
| 11:07 | Crear | Villager (Male) |
| 11:09 | Crear | Villager (Male) |
| 11:30 | Edad | Edad Feudal |
| 11:39 | Construir | Market |
| 12:01 | Construir | Blacksmith |
| 12:46 | Investigar | Castle Age |
| 12:46 | Investigar | Castle Age |
| 12:52 | Investigar | Double-Bit Axe |
| 13:02 | Construir | Farm |
| 13:04 | Construir | Farm |
| 13:08 | Construir | Farm |
| 13:10 | Construir | Farm |
| 13:12 | Construir | Farm |
| 13:21 | Investigar | Horse Collar |
| 14:35 | Construir | Barracks |
| 14:42 | Construir | Barracks |
| 15:26 | Edad | Edad de los Castillos |
| 15:31 | Construir | Archery Range |
| 15:38 | Crear | Villager (Male) |
| 15:38 | Crear | Villager (Male) |
| 15:53 | Construir | Monastery |
| 16:07 | Crear | Cavalry Archer ×3 |
| 16:12 | Investigar | Fletching |
| 16:28 | Investigar | Bow Saw |
| 16:46 | Construir | Lumber Camp |
| 17:04 | Construir | Farm |
| 17:04 | Crear | Villager (Male) |
| 17:05 | Crear | Villager (Male) |
| 18:09 | Construir | Stable |
| 18:22 | Crear | Monk |
| 18:27 | Crear | Cavalry Archer |
| 18:27 | Crear | Cavalry Archer |
| 18:34 | Construir | Archery Range |
| 18:43 | Investigar | Heavy Plow |
| 18:44 | Crear | Villager (Male) |
| 18:45 | Crear | Villager (Male) |
| 18:45 | Crear | Villager (Male) |
| 18:48 | Crear | Cavalry Archer |
| 19:15 | Construir | Farm |
| 19:16 | Construir | Farm |
| 19:17 | Construir | Farm |
| 20:08 | Crear | Cavalry Archer |
| 20:10 | Crear | Cavalry Archer |
| 20:45 | Crear | Villager (Male) |
| 20:45 | Crear | Villager (Male) |
| 20:46 | Crear | Villager (Male) |
| 20:51 | Construir | Town Center |
| 21:02 | Construir | Town Center |
| 21:05 | Crear | Villager (Male) |
| 21:05 | Crear | Villager (Male) |
| 21:09 | Crear | Cavalry Archer ×2 |
| 21:23 | Investigar | Husbandry |
| 21:35 | Crear | Monk |
| 21:41 | Construir | Farm |
| 21:53 | Construir | Farm |
| 21:54 | Construir | Farm |
| 21:55 | Construir | Farm |
| 22:15 | Crear | Villager (Male) |
| 22:15 | Crear | Villager (Male) |
| 22:17 | Crear | Villager (Male) |
| 22:17 | Crear | Villager (Male) |
| 22:20 | Construir | Farm |
| 22:22 | Construir | Farm |
| 22:28 | Construir | Farm |
| 22:31 | Construir | Farm |
| 24:14 | Construir | Farm |
| 24:16 | Construir | Farm |
| 24:19 | Crear | Villager (Male) |
| 24:20 | Crear | Villager (Male) |
| 24:20 | Crear | Villager (Male) |
| 24:22 | Construir | Farm |
| 24:24 | Crear | Villager (Male) |
| 24:24 | Crear | Villager (Male) |
| 24:24 | Crear | Villager (Male) |
| 24:51 | Construir | Farm |
| 24:54 | Construir | Farm |
| 24:56 | Construir | Farm |
| 24:57 | Construir | Farm |
| 24:57 | Construir | Farm |
| 24:57 | Construir | Farm |
| 24:58 | Construir | Farm |
| 24:58 | Construir | Farm |
| 25:03 | Construir | Farm |
| 25:18 | Construir | Farm |
| 25:19 | Construir | Farm |
| 25:20 | Construir | Farm |
| 25:24 | Crear | Villager (Male) |
| 25:24 | Crear | Villager (Male) |
| 25:24 | Crear | Villager (Male) |
| 25:26 | Crear | Villager (Male) |
| 25:26 | Crear | Villager (Male) |
| 25:27 | Crear | Villager (Male) |
| 25:56 | Construir | University |
| 26:03 | Crear | Villager (Male) |
| 26:03 | Crear | Villager (Male) |
| 26:03 | Crear | Villager (Male) |
| 26:45 | Investigar | Imperial Age |
| 26:45 | Investigar | Imperial Age |
| 26:48 | Investigar | Loom |
| 26:57 | Construir | Mining Camp |
| 27:58 | Construir | Castle |
| 28:54 | Construir | Farm |
| 29:34 | Construir | Mill |
| 29:35 | Construir | Farm |
| 29:35 | Construir | Farm |
| 29:36 | Construir | Farm |
| 29:36 | Construir | Farm |
| 29:36 | Construir | Farm |
| 29:51 | Investigar | Wheelbarrow |
| 29:52 | Investigar | Town Watch |
| 29:55 | Edad | Edad Imperial |
| 29:58 | Investigar | Bloodlines |
| 30:04 | Construir | Stable |
| 30:05 | Construir | Stable |
| 30:06 | Construir | Stable |
| 30:10 | Construir | Stable |
| 30:17 | Investigar | Conscription |
| 30:34 | Investigar | Parthian Tactics |
| 31:10 | Construir | Monastery |
| 31:27 | Investigar | Ballistics |
| 31:49 | Crear | Cavalry Archer ×2 |
| 31:56 | Investigar | Light Cavalry (upgrade) |
Build order — jhon29
Primeras 150 de 451 acciones detectadas
| 0:09 | Construir | House |
| 0:13 | Investigar | Wheelbarrow |
| 0:14 | Crear | Villager (Male) |
| 0:27 | Construir | House |
| 0:28 | Construir | House |
| 0:29 | Construir | House |
| 1:20 | Crear | Villager (Male) |
| 1:30 | Investigar | Loom |
| 2:25 | Crear | Villager (Male) |
| 3:00 | Crear | Villager (Male) |
| 3:34 | Crear | Villager (Male) |
| 4:01 | Crear | Villager (Male) |
| 4:26 | Crear | Villager (Male) |
| 5:02 | Crear | Villager (Male) |
| 5:02 | Crear | Villager (Male) |
| 5:20 | Crear | Villager (Male) |
| 5:20 | Crear | Villager (Male) |
| 5:21 | Crear | Villager (Male) |
| 5:34 | Construir | Mill |
| 5:44 | Crear | Villager (Male) |
| 5:45 | Crear | Villager (Male) |
| 6:28 | Crear | Villager (Male) |
| 6:51 | Crear | Villager (Male) |
| 6:51 | Crear | Villager (Male) |
| 7:20 | Crear | Villager (Male) |
| 8:06 | Crear | Villager (Male) |
| 8:06 | Crear | Villager (Male) |
| 8:18 | Construir | Mill |
| 8:26 | Crear | Villager (Male) |
| 8:57 | Crear | Villager (Male) |
| 9:10 | Construir | Lumber Camp |
| 9:39 | Crear | Villager (Male) |
| 9:44 | Construir | House |
| 9:46 | Construir | House |
| 10:06 | Crear | Villager (Male) |
| 10:26 | Construir | Mining Camp |
| 10:32 | Crear | Villager (Male) |
| 10:40 | Crear | Villager (Male) |
| 11:23 | Investigar | Feudal Age |
| 11:24 | Investigar | Feudal Age |
| 11:24 | Investigar | Feudal Age |
| 11:55 | Construir | Barracks |
| 11:56 | Construir | House |
| 12:16 | Crear | Villager (Male) |
| 12:17 | Crear | Villager (Male) |
| 12:29 | Crear | Villager (Male) |
| 13:52 | Edad | Edad Feudal |
| 14:11 | Construir | Farm |
| 14:24 | Construir | Market |
| 14:29 | Construir | Blacksmith |
| 14:36 | Crear | Villager (Male) |
| 14:54 | Construir | Mining Camp |
| 14:59 | Crear | Villager (Male) |
| 15:02 | Construir | Farm |
| 15:09 | Construir | Farm |
| 15:12 | Construir | Farm |
| 15:17 | Construir | Farm |
| 15:19 | Crear | Villager (Male) |
| 15:25 | Construir | Farm |
| 15:35 | Construir | Farm |
| 15:53 | Construir | Farm |
| 16:00 | Construir | Farm |
| 16:11 | Crear | Villager (Male) |
| 16:15 | Construir | Farm |
| 16:29 | Crear | Villager (Male) |
| 16:35 | Construir | Farm |
| 16:47 | Construir | Farm |
| 16:54 | Crear | Villager (Male) |
| 16:57 | Construir | Farm |
| 17:12 | Construir | Farm |
| 17:22 | Crear | Villager (Male) |
| 17:28 | Construir | Farm |
| 17:42 | Construir | Farm |
| 17:45 | Crear | Villager (Male) |
| 17:55 | Construir | House |
| 18:00 | Crear | Villager (Male) |
| 18:02 | Construir | House |
| 18:17 | Crear | Villager (Male) |
| 18:18 | Investigar | Castle Age |
| 18:33 | Investigar | Horse Collar |
| 18:50 | Investigar | Double-Bit Axe |
| 19:00 | Construir | Farm |
| 19:08 | Construir | Farm |
| 19:17 | Investigar | Scale Barding Armor |
| 19:32 | Investigar | Forging |
| 19:51 | Construir | Stable |
| 19:55 | Construir | House |
| 20:06 | Investigar | Fletching |
| 20:20 | Construir | Stable |
| 20:38 | Crear | Villager (Male) |
| 20:40 | Crear | Villager (Male) |
| 20:43 | Investigar | Bow Saw |
| 21:55 | Crear | Villager (Male) |
| 21:57 | Edad | Edad de los Castillos |
| 22:00 | Investigar | Cavalier (upgrade) |
| 22:01 | Investigar | Husbandry |
| 22:13 | Investigar | Heavy Plow |
| 22:20 | Crear | Knight |
| 22:21 | Crear | Knight |
| 22:21 | Crear | Knight |
| 22:22 | Crear | Knight |
| 22:23 | Crear | Knight |
| 22:32 | Construir | Town Center |
| 22:45 | Investigar | Gold Mining |
| 22:48 | Crear | Knight |
| 22:49 | Crear | Knight |
| 23:15 | Crear | Villager (Male) |
| 23:17 | Crear | Villager (Male) |
| 23:18 | Construir | Farm |
| 23:21 | Crear | Villager (Male) |
| 23:22 | Crear | Villager (Male) |
| 23:23 | Crear | Knight |
| 23:24 | Crear | Knight |
| 23:24 | Crear | Knight |
| 23:40 | Investigar | Town Watch |
| 23:41 | Crear | Villager (Male) |
| 24:01 | Crear | Villager (Male) |
| 24:03 | Crear | Villager (Male) |
| 24:14 | Construir | Town Center |
| 24:17 | Crear | Knight |
| 24:18 | Crear | Knight |
| 24:32 | Crear | Villager (Male) |
| 24:32 | Crear | Villager (Male) |
| 24:47 | Crear | Villager (Male) |
| 24:54 | Construir | Farm |
| 24:55 | Crear | Villager (Male) |
| 25:04 | Construir | House |
| 25:06 | Construir | House |
| 25:07 | Construir | House |
| 25:09 | Crear | Knight |
| 25:09 | Crear | Knight |
| 25:22 | Crear | Knight |
| 25:22 | Crear | Knight |
| 25:25 | Crear | Villager (Male) |
| 25:35 | Construir | Farm |
| 25:36 | Construir | Farm |
| 25:37 | Crear | Villager (Male) |
| 25:38 | Crear | Villager (Male) |
| 25:51 | Crear | Villager (Male) |
| 25:51 | Crear | Villager (Male) |
| 25:59 | Crear | Villager (Male) |
| 26:12 | Crear | Villager (Male) |
| 26:12 | Crear | Villager (Male) |
| 26:32 | Construir | Castle |
| 26:36 | Construir | Mining Camp |
| 26:40 | Crear | Knight |
| 26:41 | Crear | Knight |
| 26:43 | Crear | Villager (Male) |
| 26:43 | Crear | Villager (Male) |
| 26:47 | Construir | Farm |
Build order — X Saint
Primeras 150 de 436 acciones detectadas
| 0:01 | Crear | Villager (Male) |
| 0:01 | Crear | Villager (Male) |
| 0:02 | Crear | Villager (Male) |
| 0:02 | Crear | Villager (Male) |
| 0:02 | Crear | Villager (Male) |
| 0:04 | Construir | House |
| 0:05 | Construir | House |
| 1:35 | Crear | Villager (Male) |
| 1:35 | Crear | Villager (Male) |
| 1:53 | Construir | Lumber Camp |
| 2:01 | Crear | Villager (Male) |
| 2:01 | Crear | Villager (Male) |
| 2:21 | Crear | Villager (Male) |
| 2:21 | Crear | Villager (Male) |
| 2:48 | Crear | Villager (Male) |
| 3:06 | Construir | House |
| 3:07 | Construir | House |
| 3:18 | Crear | Villager (Male) |
| 3:18 | Crear | Villager (Male) |
| 3:44 | Crear | Villager (Male) |
| 3:44 | Crear | Villager (Male) |
| 4:03 | Construir | House |
| 4:09 | Crear | Villager (Male) |
| 4:35 | Crear | Villager (Male) |
| 4:43 | Construir | Mill |
| 4:55 | Crear | Villager (Male) |
| 4:55 | Crear | Villager (Male) |
| 5:22 | Crear | Villager (Male) |
| 5:22 | Crear | Villager (Male) |
| 5:23 | Crear | Villager (Male) |
| 5:52 | Crear | Villager (Male) |
| 6:22 | Construir | Mill |
| 7:04 | Crear | Villager (Male) |
| 7:11 | Construir | Farm |
| 7:15 | Construir | Farm |
| 7:47 | Investigar | Feudal Age |
| 9:46 | Construir | Farm |
| 9:47 | Construir | Farm |
| 9:47 | Construir | Farm |
| 9:47 | Construir | Farm |
| 9:47 | Construir | Farm |
| 9:52 | Crear | Villager (Male) |
| 9:57 | Edad | Edad Feudal |
| 9:59 | Crear | Villager (Male) |
| 10:20 | Investigar | Double-Bit Axe |
| 10:27 | Construir | Farm |
| 10:49 | Crear | Villager (Male) |
| 11:00 | Construir | House |
| 11:17 | Crear | Villager (Male) |
| 11:41 | Construir | Barracks |
| 11:44 | Crear | Villager (Male) |
| 12:07 | Crear | Villager (Male) |
| 12:34 | Construir | Stable |
| 12:50 | Crear | Villager (Male) |
| 13:02 | Construir | Mining Camp |
| 13:20 | Crear | Villager (Male) |
| 13:43 | Construir | Market |
| 13:48 | Crear | Villager (Male) |
| 14:14 | Crear | Villager (Male) |
| 14:28 | Construir | Mining Camp |
| 14:37 | Investigar | Castle Age |
| 14:45 | Construir | House |
| 15:06 | Construir | Farm |
| 15:10 | Construir | Farm |
| 15:53 | Investigar | Stone Mining |
| 15:55 | Investigar | Gold Mining |
| 17:15 | Crear | Villager (Male) |
| 17:18 | Investigar | Loom |
| 17:19 | Edad | Edad de los Castillos |
| 17:39 | Construir | Monastery |
| 17:51 | Crear | Villager (Male) |
| 18:11 | Crear | Villager (Male) |
| 18:14 | Crear | Missionary |
| 18:36 | Construir | Archery Range |
| 18:39 | Crear | Villager (Male) |
| 18:41 | Crear | Villager (Male) |
| 18:52 | Investigar | Bow Saw |
| 19:16 | Crear | Skirmisher |
| 19:20 | Construir | House |
| 19:57 | Crear | Villager (Male) |
| 19:57 | Crear | Villager (Male) |
| 19:57 | Crear | Villager (Male) |
| 20:09 | Crear | Archer |
| 20:09 | Crear | Villager (Male) |
| 20:09 | Crear | Villager (Male) |
| 20:13 | Crear | Villager (Male) |
| 20:13 | Crear | Villager (Male) |
| 20:18 | Construir | Town Center |
| 20:19 | Crear | Villager (Male) |
| 20:19 | Crear | Villager (Male) |
| 20:19 | Crear | Villager (Male) |
| 20:27 | Crear | Skirmisher |
| 20:33 | Crear | Villager (Male) |
| 20:34 | Crear | Villager (Male) |
| 20:43 | Crear | Villager (Male) |
| 20:47 | Construir | Farm |
| 20:59 | Crear | Archer |
| 21:02 | Crear | Skirmisher |
| 21:11 | Crear | Villager (Male) |
| 21:12 | Construir | Farm |
| 21:14 | Crear | Villager (Male) |
| 21:15 | Crear | Villager (Male) |
| 21:15 | Crear | Villager (Male) |
| 21:32 | Crear | Villager (Male) |
| 21:32 | Crear | Villager (Male) |
| 21:38 | Crear | Skirmisher |
| 21:52 | Construir | Farm |
| 21:55 | Construir | Farm |
| 21:58 | Construir | Farm |
| 22:10 | Crear | Villager (Male) |
| 22:10 | Crear | Villager (Male) |
| 22:18 | Construir | House |
| 23:13 | Crear | Skirmisher |
| 23:14 | Crear | Skirmisher |
| 23:14 | Crear | Skirmisher |
| 23:14 | Crear | Skirmisher |
| 23:14 | Crear | Skirmisher |
| 23:14 | Crear | Skirmisher |
| 23:33 | Crear | Villager (Male) |
| 23:33 | Crear | Villager (Male) |
| 23:37 | Construir | House |
| 23:40 | Construir | University |
| 23:42 | Crear | Villager (Male) |
| 23:42 | Crear | Villager (Male) |
| 24:33 | Construir | Castle |
| 24:43 | Construir | House |
| 24:45 | Investigar | Horse Collar |
| 24:55 | Investigar | Wheelbarrow |
| 25:01 | Construir | Farm |
| 25:04 | Construir | House |
| 25:04 | Construir | House |
| 25:04 | Construir | House |
| 25:04 | Construir | House |
| 25:05 | Construir | House |
| 25:21 | Construir | Farm |
| 25:21 | Construir | Farm |
| 25:22 | Construir | Farm |
| 25:22 | Construir | Farm |
| 25:22 | Construir | Farm |
| 25:22 | Construir | Farm |
| 25:23 | Construir | Farm |
| 25:28 | Construir | Blacksmith |
| 25:47 | Crear | Villager (Male) |
| 25:47 | Crear | Villager (Male) |
| 26:02 | Crear | Villager (Male) |
| 26:03 | Crear | Villager (Male) |
| 26:03 | Crear | Villager (Male) |
| 26:06 | Crear | Conquistador |
| 26:06 | Crear | Conquistador |
| 26:06 | Crear | Conquistador |
Build order — Võ Nguyên Giáp
Primeras 150 de 922 acciones detectadas
| 0:05 | Construir | House |
| 0:07 | Crear | Villager (Male) |
| 0:10 | Investigar | Loom |
| 0:55 | Construir | Settlement |
| 1:04 | Crear | Villager (Male) |
| 1:04 | Crear | Villager (Male) |
| 1:04 | Crear | Villager (Male) |
| 1:04 | Crear | Villager (Male) |
| 1:04 | Crear | Villager (Male) |
| 1:05 | Crear | Villager (Male) |
| 1:05 | Crear | Villager (Male) |
| 1:05 | Crear | Villager (Male) |
| 1:06 | Crear | Villager (Male) |
| 1:06 | Crear | Villager (Male) |
| 1:39 | Crear | Villager (Male) |
| 1:39 | Crear | Villager (Male) |
| 2:29 | Crear | Villager (Male) |
| 2:29 | Crear | Villager (Male) |
| 2:42 | Crear | Villager (Male) |
| 2:42 | Crear | Villager (Male) |
| 3:16 | Crear | Villager (Male) |
| 3:17 | Crear | Villager (Male) |
| 3:27 | Crear | Villager (Male) |
| 4:04 | Crear | Villager (Male) |
| 4:04 | Crear | Villager (Male) |
| 4:05 | Crear | Villager (Male) |
| 4:46 | Crear | Villager (Male) |
| 4:47 | Crear | Villager (Male) |
| 4:54 | Construir | Settlement |
| 5:00 | Crear | Villager (Male) |
| 5:01 | Crear | Villager (Male) |
| 5:43 | Crear | Villager (Male) |
| 5:43 | Crear | Villager (Male) |
| 5:44 | Crear | Villager (Male) |
| 5:44 | Crear | Villager (Male) |
| 6:26 | Crear | Villager (Male) |
| 6:27 | Crear | Villager (Male) |
| 6:27 | Crear | Villager (Male) |
| 6:28 | Crear | Villager (Male) |
| 6:34 | Crear | Villager (Male) |
| 6:34 | Crear | Villager (Male) |
| 6:46 | Crear | Villager (Male) |
| 6:46 | Crear | Villager (Male) |
| 6:46 | Crear | Villager (Male) |
| 6:47 | Crear | Villager (Male) |
| 6:47 | Crear | Villager (Male) |
| 7:24 | Crear | Villager (Male) |
| 7:25 | Crear | Villager (Male) |
| 7:25 | Crear | Villager (Male) |
| 7:25 | Crear | Villager (Male) |
| 7:57 | Investigar | Feudal Age |
| 7:58 | Investigar | Feudal Age |
| 8:51 | Crear | Villager (Male) |
| 10:19 | Edad | Edad Feudal |
| 10:22 | Investigar | Wheelbarrow |
| 10:31 | Investigar | Double-Bit Axe |
| 10:52 | Construir | Blacksmith |
| 11:03 | Investigar | Horse Collar |
| 11:04 | Investigar | Horse Collar |
| 11:27 | Crear | Villager (Male) |
| 11:41 | Construir | Market |
| 11:59 | Construir | Farm |
| 12:00 | Crear | Villager (Male) |
| 12:25 | Crear | Villager (Male) |
| 12:40 | Construir | House |
| 12:52 | Construir | Farm |
| 12:55 | Crear | Villager (Male) |
| 13:27 | Construir | Farm |
| 13:33 | Construir | Farm |
| 13:37 | Construir | Farm |
| 13:41 | Construir | Farm |
| 13:58 | Construir | Farm |
| 13:59 | Crear | Villager (Male) |
| 14:00 | Crear | Villager (Male) |
| 14:00 | Crear | Villager (Male) |
| 14:00 | Crear | Villager (Male) |
| 14:31 | Construir | Farm |
| 14:32 | Crear | Villager (Male) |
| 14:53 | Construir | Farm |
| 14:55 | Crear | Villager (Male) |
| 15:05 | Construir | Farm |
| 15:11 | Construir | Farm |
| 15:15 | Construir | Farm |
| 15:20 | Construir | Farm |
| 15:44 | Construir | Farm |
| 16:05 | Investigar | Castle Age |
| 16:05 | Investigar | Castle Age |
| 16:21 | Construir | Settlement |
| 17:16 | Investigar | Gold Mining |
| 17:29 | Investigar | Stone Mining |
| 18:25 | Crear | Villager (Male) |
| 18:26 | Crear | Villager (Male) |
| 18:26 | Crear | Villager (Male) |
| 18:45 | Edad | Edad de los Castillos |
| 18:48 | Construir | Town Center |
| 19:05 | Crear | Villager (Male) |
| 19:40 | Construir | Monastery |
| 20:07 | Construir | House |
| 20:20 | Construir | Palisade Wall |
| 20:27 | Construir | Palisade Gate |
| 20:33 | Crear | Monk |
| 20:33 | Crear | Monk |
| 20:35 | Crear | Villager (Male) |
| 20:35 | Crear | Villager (Male) |
| 20:35 | Crear | Villager (Male) |
| 20:36 | Crear | Villager (Male) |
| 20:36 | Crear | Villager (Male) |
| 20:39 | Crear | Villager (Male) |
| 20:39 | Crear | Villager (Male) |
| 20:40 | Crear | Villager (Male) |
| 20:40 | Crear | Villager (Male) |
| 20:40 | Crear | Villager (Male) |
| 20:41 | Crear | Villager (Male) |
| 20:41 | Crear | Villager (Male) |
| 20:52 | Construir | House |
| 21:08 | Crear | Villager (Male) |
| 21:09 | Crear | Villager (Male) |
| 21:21 | Construir | Town Center |
| 21:42 | Crear | Villager (Male) |
| 21:43 | Crear | Villager (Male) |
| 21:43 | Crear | Villager (Male) |
| 21:44 | Crear | Villager (Male) |
| 21:44 | Crear | Villager (Male) |
| 21:44 | Crear | Villager (Male) |
| 21:45 | Crear | Villager (Male) |
| 21:53 | Construir | Farm |
| 21:57 | Construir | Farm |
| 22:01 | Construir | Farm |
| 22:05 | Construir | Farm |
| 22:09 | Construir | House |
| 22:18 | Construir | Palisade Wall |
| 22:35 | Construir | Palisade Gate |
| 22:38 | Crear | Villager (Male) |
| 22:38 | Crear | Villager (Male) |
| 22:39 | Crear | Villager (Male) |
| 22:39 | Crear | Villager (Male) |
| 22:42 | Investigar | Heavy Plow |
| 22:42 | Investigar | Heavy Plow |
| 22:44 | Investigar | Bow Saw |
| 22:54 | Crear | Villager (Male) |
| 22:59 | Investigar | Hand Cart |
| 23:20 | Construir | Barracks |
| 23:29 | Crear | Villager (Male) |
| 23:29 | Crear | Villager (Male) |
| 23:29 | Crear | Villager (Male) |
| 23:29 | Crear | Villager (Male) |
| 23:47 | Crear | Villager (Male) |
| 23:52 | Construir | Farm |
| 23:53 | Construir | Farm |
| 23:56 | Construir | Farm |
Cronología de la partida
| 9:57 | X Saint · age_up feudal |
| 10:19 | Võ Nguyên Giáp · age_up feudal |
| 10:48 | Si me ganas eres gay · age_up feudal |
| 11:22 | Cheo · age_up feudal |
| 11:30 | aggromechanic · age_up feudal |
| 11:36 | BeaNeanging · age_up feudal |
| 11:41 | X Saint · first_building Barracks |
| 11:55 | jhon29 · first_building Barracks |
| 12:28 | Tang Dynasty · age_up feudal |
| 12:34 | X Saint · first_building Stable |
| 13:27 | Tang Dynasty · first_building Barracks |
| 13:52 | jhon29 · age_up feudal |
| 14:35 | aggromechanic · first_building Barracks |
| 14:51 | Si me ganas eres gay · age_up castle |
| 14:59 | BeaNeanging · first_building Barracks |
| 15:09 | Tang Dynasty · first_building Stable |
| 15:26 | aggromechanic · age_up castle |
| 15:31 | aggromechanic · first_building Archery Range |
| 15:32 | BeaNeanging · age_up castle |
| 15:53 | aggromechanic · first_building Monastery |
| 15:57 | Si me ganas eres gay · first_building Monastery |
| 16:23 | Tang Dynasty · age_up castle |
| 17:19 | X Saint · age_up castle |
| 17:39 | X Saint · first_building Monastery |
| 17:53 | BeaNeanging · first_building Archery Range |
| 18:09 | aggromechanic · first_building Stable |
| 18:13 | Cheo · age_up castle |
| 18:19 | Tang Dynasty · first_building Monastery |
| 18:36 | X Saint · first_building Archery Range |
| 18:45 | Võ Nguyên Giáp · age_up castle |
| 19:32 | Si me ganas eres gay · first_building Castle |
| 19:40 | Võ Nguyên Giáp · first_building Monastery |
| 19:44 | jhon29 · first_market_buy 100 wood |
| 19:51 | jhon29 · first_building Stable |
| 20:20 | Võ Nguyên Giáp · wall_segment Palisade Wall x7 |
| 21:16 | aggromechanic · first_market_sell 100 wood |
| 21:57 | jhon29 · age_up castle |
| 22:18 | Võ Nguyên Giáp · wall_segment Palisade Wall x6 |
| 23:11 | Si me ganas eres gay · first_market_buy 100 wood |
| 23:16 | BeaNeanging · first_building Castle |
| 23:20 | Võ Nguyên Giáp · first_building Barracks |
| 23:46 | Tang Dynasty · first_building Castle |
| 23:46 | X Saint · first_market_buy 100 food |
| 24:18 | Võ Nguyên Giáp · first_building Castle |
| 24:33 | X Saint · first_building Castle |
| 26:02 | Cheo · first_building Monastery |
| 26:08 | Si me ganas eres gay · first_market_sell 100 food |
| 26:09 | Võ Nguyên Giáp · first_building Archery Range |
| 26:18 | aggromechanic · first_market_buy 100 food |
| 26:26 | X Saint · first_building Siege Workshop |
| 26:32 | jhon29 · first_building Castle |
| 27:58 | aggromechanic · first_building Castle |
| 28:48 | Cheo · first_building Barracks |
| 28:55 | X Saint · first_market_sell 100 food |
| 29:14 | jhon29 · first_building Siege Workshop |
| 29:39 | Cheo · first_building Castle |
| 29:52 | Si me ganas eres gay · age_up imperial |
| 29:55 | aggromechanic · age_up imperial |
| 30:20 | Võ Nguyên Giáp · age_up imperial |
| 30:57 | Tang Dynasty · age_up imperial |
| 32:34 | Cheo · age_up imperial |
| 32:40 | Tang Dynasty · first_building Siege Workshop |
| 33:14 | X Saint · age_up imperial |
| 34:13 | BeaNeanging · first_building Stable |
| 34:21 | BeaNeanging · age_up imperial |
| 34:38 | Võ Nguyên Giáp · first_market_sell 500 wood |
| 35:49 | Si me ganas eres gay · first_building Barracks |
| 36:12 | Si me ganas eres gay · first_building Archery Range |
| 37:06 | aggromechanic · wall_segment Stone Wall x4 |
| 37:12 | aggromechanic · wall_segment Stone Wall x1 |
| 37:17 | aggromechanic · wall_segment Stone Wall x5 |
| 37:24 | jhon29 · first_market_sell 500 wood |
| 38:12 | jhon29 · age_up imperial |
| 41:23 | Cheo · wall_segment Stone Wall x5 |
| 45:25 | BeaNeanging · first_market_buy 100 stone |
| 45:49 | jhon29 · first_building Archery Range |
| 49:47 | aggromechanic · wall_segment Palisade Wall x1 |
| 50:35 | jhon29 · resign |
| 53:19 | BeaNeanging · first_market_sell 100 food |
[ ANÁLISIS IA · 1 CRÉDITO ]
¿Qué pasó realmente en esta partida?
Wolo.gg analiza cada decisión: build order, eco, micro, errores típicos por bracket. Análisis personalizado por WhatsApp o Discord en 30 segundos.
Guía civ
Vikingos
Guía mapa
Arena
Perfil
Jugador #58057